 Dungeon Crawl Stone Soup version 0.30.0-30-g96aa6591b8 (webtiles) character file.

Game seed: 12517012434551918212

181 booth the Chopper (level 5, -2/41 HPs)
             Began as a Demonspawn Gladiator on June 29, 2023.
             Was a Follower of Dithmenos.
             Slain by an orc priest
             ... wielding a +0 flail
              (4 damage)
             ... on level 3 of the Dungeon.
             The game lasted 00:17:37 (2861 turns).

booth the Chopper (Demonspawn Gladiator)            Turns: 2861, Time: 00:17:37

Health: -2/41      AC:  3    Str: 16    XL:     5   Next: 34%
Magic:  5/5        EV: 12    Int: 10    God:    Dithmenos [*.....]
Gold:   67         SH:  0    Dex: 14    Spells: 4/4 levels left

rFire   . . .        a - +0 war axe
rCold   . . .        (no shield)
rNeg    . . .        b - +0 leather armour
rPois   .            (helmet restricted)
rElec   .            (no cloak)
rCorr   .            (no gloves)
SInv    .            (no boots)
Will    .....        (no amulet)
Stlth   +            (no ring)
HPRegen 0.26/turn    (no ring)
MPRegen 0.09/turn

%: no passive effects
@: flying, wreathed by umbra
A: horns 1, weakness stinger 1
a: Renounce Religion


You were on level 3 of the Dungeon.
You worshipped Dithmenos.
Dithmenos was aware of your devotion.
You visited 1 branch of the dungeon, and saw 3 of its levels.

You collected 67 gold pieces.

Inventory:

Hand Weapons
 a - a +0 war axe (weapon)
 h - a +0 mace
Missiles
 d - a throwing net (quivered)
 e - a javelin
Armour
 b - a +0 leather armour (worn)
 g - a +0 ring mail
Scrolls
 f - a scroll of amnesia {unknown}
 i - a scroll of butterflies {unknown}
 k - a scroll of immolation {unknown}


   Skills:
 + Level 3.1 Fighting
 * Level 3.7(3.8) Axes
 + Level 0.7(2.4) Maces & Flails
 + Level 2.7 Throwing
 + Level 3.5 Dodging


You had 4 spell levels left.
You didn't know any spells.
Your spell library contained the following spells:

 Spells                   Type           Power      Damage    Failure   Level
 Apportation              Tloc           0%         N/A       43%         1
 Necrotise                Necr           0%         1d4       43%         1
 Summon Small Mammal      Summ           0%         N/A       43%         1


Dungeon Overview and Level Annotations

Branches:
Dungeon (3/15)

Altars:
Dithmenos


Innate Abilities, Weirdness & Mutations

You have a pair of small horns on your head.
You have a small tail.


Message History

The orc attacks as you move away! The orc hits you with a +0 flail!
The orc wizard casts a spell at you. The puff of flame hits you!
* * * LOW HITPOINT WARNING * * *
You feel better. The orc hits you with a +0 flail.
You hit the orc wizard.
You tail-slap the orc wizard, but do no damage.
The orc wizard is heavily wounded.
You completely miss the orc.
The orc wizard hits you with a +0 dagger.
The orc hits you with a +0 flail!
* * * LOW HITPOINT WARNING * * *
You hit the orc wizard.
The orc wizard is severely wounded.
You hit the orc.
The orc wizard hits you but does no damage.
The orc hits you with a +0 flail.
* * * LOW HITPOINT WARNING * * *
The orc wizard hits you with a +0 dagger.
* * * LOW HITPOINT WARNING * * *
The orc barely misses you.
You slash the orc wizard!
You kill the orc wizard!
Dithmenos accepts your kill.
You hit the orc but do no damage. The orc hits you with a +0 flail!
* * * LOW HITPOINT WARNING * * *
It was a potion of flight.
You feel very buoyant.
You fly up into the air.
The orc priest barely misses you. The orc closely misses you.
You barely miss the orc priest. You closely miss the orc.
The orc priest closely misses you. The orc misses you.
You slash the orc priest!
The orc priest is heavily wounded.
You hit the orc.
You kill the orc!
Dithmenos accepts your kill. The bat hits you but does no damage.
The orc priest hits you with a +0 flail.
You die...

#.........# #.# #.#..
########.#.......# #.#
#....
##........##.....####.#
##...
##..##..................
....
##...##.##...............
#...
#.................###.#.#
##.# ##...##...###..#b##
.# # ##..##..## ##.#.# #
# #......# #.@o## #
#.#..### ###))# #.#.##
##.......# #.#.#
+..##.### #.#.## #.##
#.#..### ... ##.#(...#
.#. #..#....# # ..
#.##.##..# ##


You could see an orc priest and a bat.

Vanquished Creatures
  An orc wizard (D:3)
  4 gnolls (D:2)
  4 adders
  A worm (D:2)
  2 dart slugs
  7 orcs (D:3)
  2 bats (D:1)
  5 endoplasms
  4 giant cockroaches
  6 goblins
  3 hobgoblins
  8 jackals (D:1)
  A quokka (D:1)
  3 ball pythons
  5 frilled lizards
  5 kobolds
  6 rats
67 creatures vanquished.

Notes
Turn   | Place    | Note
-------+----------+-------------------------------------------
     0 | D:1      | booth the Demonspawn Gladiator began the quest for the Orb.
     0 | D:1      | Reached XP level 1. HP: 16/16 MP: 1/1
   356 | D:1      | Discovered your monstrous ancestry.
   356 | D:1      | Gained mutation: You have a small tail. [demonic ancestry]
   356 | D:1      | Reached XP level 2. HP: 22/22 MP: 2/2
   794 | D:1      | Reached XP level 3. HP: 28/28 MP: 3/3
  1680 | D:2      | Gained mutation: You have a pair of small horns on your
                  | head. [demonic ancestry]
  1680 | D:2      | Reached XP level 4. HP: 19/34 MP: 4/4
  2385 | D:3      | Found a faded altar of an unknown god.
  2394 | D:3      | Reached XP level 5. HP: 41/41 MP: 5/5
  2416 | D:3      | Prayed at the altar of an unknown god.
  2416 | D:3      | Became a worshipper of Dithmenos the Shadowed
  2416 | D:3      | Reached * piety under Dithmenos
  2858 | D:3      | HP: 1/41 [orc/+0 flail (7)]
  2861 | D:3      | Slain by an orc priest

Illustrated notes

Levels and vault maps discovered:
D:1:      saegor_arrival_miasma, layout_basic, amcnicky_mini_corridor_feature,
          minivault_14, minmay_misc_feat_pillars, kennysheep_nondescript
D:2:      layout_loops_cross
D:3:      cheibrodos_greedy_goblins, layout_loops_ring,
          shapermc_ecumenical_altar_flowoftime, kennysheep_generic_room_12

Skill      XL: |  1  2  3  4 |
---------------+-------------+-----
Throwing       | 2 |  2.7
Axes           | 3 |  3.7
Dodging        | 3 |  3.5
Fighting       | 3 |  3.1
Maces & Flails | |  0.7

Action                     |  1- 3 |  4- 6 || total
---------------------------+-------+-------++-------
  Melee: War axe           |   118 |    81 ||   199
         Tailslap          |     4 |     9 ||    13
         Punch             |     2 |       ||     2
         Headbutt          |       |     7 ||     7
  Throw: Throwing net      |     3 |     1 ||     4
         Javelin           |     3 |       ||     3
    Use: Scroll            |     1 |     2 ||     3
         Potion            |     1 |     2 ||     3
   Stab: Sleeping          |     1 |       ||     1
 Armour: Leather armour    |    25 |    15 ||    40
  Dodge: Dodged            |    81 |    60 ||   141
